 Dungeon Crawl Stone Soup version 0.29.1-1-gd02db6906a (webtiles) character file.

Game seed: 16070323806060382035

6640 funkygono the Thaumaturge (level 11, -3/57 HPs)
             Began as a Gargoyle Fire Elementalist on Sept 17, 2022.
             Was an Elder of Vehumet.
             Slain by a bone dragon (8 damage)
             ... on level 1 of the Abyss.
             The game lasted 00:21:45 (9061 turns).

funkygono the Thaumaturge (GrFE)                    Turns: 9061, Time: 00:21:45

Health: -3/57      AC: 16    Str: 12    XL:     11   Next: 2%
Magic:  24/24      EV: 12    Int: 24    God:    Vehumet [****..]
Gold:   281        SH:  0    Dex: 10    Spells: 10/28 levels left

rFire   . . .      SeeInvis .   q - +3 whip (drain)
rCold   . . .      Faith    .   (no shield)
rNeg    + . .      Spirit   .   a - +0 robe
rPois   ∞          Reflect  .   u - +1 helmet
rElec   +          Harm     .   (no cloak)
rCorr   +          Rampage  .   H - +1 pair of gloves
Will    .....                   i - +1 pair of boots
Stlth   ++........              c - amulet of magic regeneration
HPRegen 0.19/turn               s - ring of resist corrosion
MPRegen 0.59/turn               B - ring of Greater Demons {rCorr Int+4}

@: no status effects
A: sickness immunity, AC +8, negative energy resistance 1, electricity
resistance, torment resistance 1, petrification resistance
a: Renounce Religion


You were on level 1 of the Abyss.
You worshipped Vehumet.
Vehumet was greatly pleased with you.
You visited 2 branches of the dungeon, and saw 10 of its levels.
You visited the Abyss 1 time.

You collected 491 gold pieces.
You spent 210 gold pieces at shops.

Inventory:

Hand Weapons
 b - a +2 flail of draining
 h - a +0 whip
 q - a +3 whip of draining (weapon)
 t - a +1 mace of venom
 y - a +2 whip of draining
 E - a +3 morningstar
Missiles
 l - a throwing net
Armour
 a - a +0 robe (worn)
 i - a +1 pair of boots (worn)
 m - a +1 pair of gloves
 u - a +1 helmet (worn)
 H - a +1 pair of gloves (worn)
Jewellery
 c - an amulet of magic regeneration (around neck)
 s - a ring of resist corrosion (left hand)
 x - an amulet of guardian spirit
 B - the ring of Greater Demons (right hand) {rCorr Int+4}
   (You found it on level 9 of the Dungeon)

   [ring of resist corrosion]

   Int:       It affects your intelligence (+4).
   rCorr:     It protects you from acid and corrosion.
 D - an amulet of regeneration
 I - a +6 ring of strength
Wands
 j - a wand of digging (14)
 v - a wand of mindburst (16)
 z - a wand of quicksilver (7)
 A - a wand of flame (10)
 G - a wand of roots (7)
Scrolls
 e - 2 scrolls of teleportation
 f - a scroll of amnesia
 J - a scroll of blinking
Potions
 d - 5 potions of curing
 g - 4 potions of mutation
 k - 2 potions of brilliance
 n - 2 potions of haste
 o - 2 potions of invisibility
 p - a potion of flight
 r - 3 potions of heal wounds
 w - a potion of magic
 C - a potion of cancellation {unknown}
 F - a potion of attraction {unknown}


   Skills:
 + Level 2.1 Fighting
 + Level 3.2 Maces & Flails
 + Level 3.2 Dodging
 - Level 2.1 Stealth
 + Level 9.1 Spellcasting
 + Level 7.9 Conjurations
 + Level 7.3 Fire Magic
 + Level 5.5 Earth Magic
 + Level 5.2 Poison Magic


You had 10 spell levels left.
You knew the following spells:

 Your Spells              Type           Power      Damage    Failure   Level
a - Foxfire               Conj/Fire      100%       2x1d9     1%          1
b - Scorch                Fire           92%        2d9       1%          2
c - Conjure Flame         Conj/Fire      47%        6-21      1%          3
d - Flame Wave            Conj/Fire      47%        2d12      1%          4
e - Shock                 Conj/Air       100%       1d9       1%          1
f - Stone Arrow           Conj/Erth      86%        3d12      1%          3
g - Olgreb's Toxic Radia  Pois           35%        N/A       1%          4

Your spell library contained the following spells:

 Spells                   Type           Power      Damage    Failure   Level
 Freeze                   Ice            40%        1d6       1%          1
 Static Discharge         Conj/Air       29%        3-7/arc   1%          2
 Inner Flame              Hex/Fire       28%        N/A       1%          3
 Sticky Flame             Conj/Fire      47%        2d6       1%          4
 Hailstorm                Conj/Ice       29%        3d8       3%          4
 Frozen Ramparts          Ice            20%        1d4       4%          3
 Animate Armour           Summ/Erth      48%        N/A       19%         4
 Dispel Undead            Necr           10%        3d9       50%         4
 Lehudib's Crystal Spear  Conj/Erth      21%        10d6      99%         8


Dungeon Overview and Level Annotations

Branches:
Dungeon (9/15)             Temple (1/1) D:5
   Lair: D:8-11         Orc: D:9-12

Altars:
Ashenzari
Cheibriados
Dithmenos
Elyvilon
Fedhas
Gozag
Hepliaklqana
Kikubaaqudgha
Makhleb
Nemelex Xobeh
Okawaru
Qazlal
Ru
Sif Muna
Trog
Uskayaw
Vehumet
Wu Jian
Xom
Yredelemnul
Zin
The Shining One

Shops:
D:5 ?(

Annotations:
D:9 Erolcha


Innate Abilities, Weirdness & Mutations

You are immune to sickness and miasma.
Your stone body is resilient. (AC +8)
You are immune to poison.
You resist negative energy. (rN+)
You are resistant to electric shocks. (rElec)
You are resistant to unholy torment.
You are immune to petrification.


Message History

The large abomination is moderately damaged.
The large abomination hits you but does no damage.
Casting: Stone Arrow (safe; 1% risk of failure)
Confirm with . or Enter, or press ? or * to list all spells.
Aiming: Stone Arrow (safe; 1% risk of failure)
Press: ? - help, Shift-Dir - straight line, f/p - large abomination
Aim: a large abomination (moderately damaged, 92% to hit)
The stone arrow hits the large abomination!
The large abomination is severely damaged.
The large abomination hits you!!
Ouch! That really hurt!
* * * LOW HITPOINT WARNING * * *
Casting: Stone Arrow (safe; 1% risk of failure)
Confirm with . or Enter, or press ? or * to list all spells.
Aiming: Stone Arrow (safe; 1% risk of failure)
Press: ? - help, Shift-Dir - straight line, f/p - large abomination
Aim: a large abomination (severely damaged, 92% to hit)
The stone arrow hits the large abomination!!
You destroy the large abomination!
Vehumet accepts your kill.
You feel your power returning.
You have reached level 11!
You feel much better.
A bone dragon comes into view.
Found a gateway leading deeper into the Abyss.
The bone dragon bites you but does no damage.
The bone dragon misses you. The bone dragon barely misses you.
The bone dragon closely misses you. The bone dragon claws you!
* * * LOW HITPOINT WARNING * * *
The bone dragon tramples you!
* * * LOW HITPOINT WARNING * * *
You stumble backwards!
A water elemental comes into view.
Unknown command.
The bone dragon attacks as you move away!
The bone dragon bites you but does no damage.
The bone dragon claws you.
* * * LOW HITPOINT WARNING * * *
The bone dragon tramples you!
You die...

. # . #.#.. #. .E . ## #
. ... . # # . # ....###
###..# ##
...#..########## # .# .
##..##....#..#.#####. #
##........#......###...#
#.......D..#..#. ..##..#
...#..@..##.#...#.. .#.
#.#...#..#.##....# #.#
##.####.#... #... .# #.#
#...# ..##..#.# ...
.##... .......# ..#
..#..#...#...##.## #..
.# # #.##..# .# .# .#
#.# #.##. ##.. #. ##
##.# .


You could see a bone dragon and a water elemental (wandering).

Vanquished Creatures
  An eidolon (Abyss:1)
  Erica (D:9)
  An orange demon (Abyss:1)
  A large abomination (Abyss:1)
  A hornet (D:7)
  Grinder (D:3)
  5 yaks (D:9)
  A wraith (D:9)
  3 water moccasins
  A sky beast (D:7)
  4 black bears
  2 ice beasts
  2 ogres
  3 centaurs
  A kobold brigand (D:7)
  2 bullfrogs
  2 necrophages
  5 scorpions
  9 wights
  4 killer bees (D:9)
  7 orc priests
  3 hounds
  3 jellies (D:6)
  A gnoll bouda (D:5)
  4 iguanas
  4 orc wizards
  Robin (D:3)
  15 gnolls
  7 adders
  2 shadow imps
  3 white imps (D:8)
  An ufetubus (D:6)
  A worm (D:3)
  6 dart slugs
  27 orcs
  4 bats
  A bat zombie (D:2)
  4 endoplasms
  A giant cockroach (D:1)
  10 goblins
  14 hobgoblins
  3 jackals (D:4)
  7 kobolds
  2 quokkas
  6 ball pythons
  A ball python skeleton (D:2)
  A frilled lizard (D:1)
  A giant cockroach zombie (D:2)
  3 rats
193 creatures vanquished.

Vanquished Creatures (others)
  361 foxfires
  3 fungi (D:1)
  3 plants
367 creatures vanquished.

Grand Total: 560 creatures vanquished

Notes
Turn   | Place    | Note
-------+----------+-------------------------------------------
     0 | D:1      | funkygono the Gargoyle Fire Elementalist began the quest
                  | for the Orb.
     0 | D:1      | Reached XP level 1. HP: 10/10 MP: 3/3
    53 | D:1      | Found Zoeckex's Magic Scroll Shop.
   182 | D:1      | Reached XP level 2. HP: 15/15 MP: 1/5
   185 | D:1      | Learned a level 2 spell: Scorch
   431 | D:1      | Found a faded altar of an unknown god.
  1235 | D:2      | Reached XP level 3. HP: 19/19 MP: 3/6
  1239 | D:2      | Learned a level 3 spell: Conjure Flame
  2083 | D:3      | Noticed Grinder
  2106 | D:3      | Paralysed by Grinder for 2 turns
  2108 | D:3      | Killed Grinder
  2109 | D:3      | Reached skill level 3 in Spellcasting
  2109 | D:3      | Reached XP level 4. HP: 13/24 MP: 0/9
  2109 | D:3      | Reached XP level 5. HP: 15/28 MP: 0/10
  2109 | D:3      | Reached XP level 6. HP: 17/33 MP: 0/11
  2252 | D:3      | Learned a level 4 spell: Flame Wave
  2334 | D:3      | You fall into a shaft and drop 2 floors!
  2334 | D:5      | Entered Level 5 of the Dungeon
  2449 | D:5      | Reached skill level 1 in Fighting
  2450 | D:5      | Reached skill level 1 in Maces & Flails
  2519 | D:5      | Found a staircase to the Ecumenical Temple.
  2529 | Temple   | Entered the Ecumenical Temple
  2601 | D:5      | Found a radiant altar of Vehumet.
  2607 | D:5      | Became a worshipper of Vehumet
  2720 | D:4      | Reached skill level 5 in Fire Magic
  2829 | D:4      | Found an opulent altar of Gozag.
  3023 | D:3      | Noticed Robin
  3029 | D:3      | Killed Robin
  3030 | D:3      | Reached skill level 4 in Spellcasting
  3670 | D:3      | Identified a scroll of acquirement
  3670 | D:3      | Acquired an amulet of magic regeneration
  3775 | D:4      | Found a broken altar of Ashenzari.
  3830 | D:4      | Reached XP level 7. HP: 38/38 MP: 13/13
  3953 | D:4      | Found a basalt altar of Yredelemnul.
  4072 | D:4      | Reached * piety under Vehumet
  4072 | D:4      | Offered knowledge of Shock by Vehumet.
  4075 | D:4      | Learned a level 1 spell: Shock
  4374 | D:4      | Learned a level 3 spell: Stone Arrow
  4593 | D:5      | Reached skill level 1 in Earth Magic
  4755 | D:5      | Reached XP level 8. HP: 38/43 MP: 12/15
  4759 | D:5      | Reached skill level 5 in Spellcasting
  4927 | D:5      | Found Zacujula's Antique Weapon Shop.
  4933 | D:5      | Found Ycoopiddo's Magic Scroll Boutique.
  5262 | D:6      | Reached ** piety under Vehumet
  5395 | D:6      | Offered knowledge of Poisonous Vapours by Vehumet.
  5438 | D:6      | Reached skill level 6 in Spellcasting
  5483 | D:6      | Reached XP level 9. HP: 30/47 MP: 12/18
  5624 | D:6      | Reached skill level 5 in Conjurations
  6225 | D:5      | Bought a scroll of enchant armour for 105 gold pieces
  6225 | D:5      | Bought a scroll of enchant armour for 105 gold pieces
  6540 | D:7      | Offered knowledge of Mephitic Cloud by Vehumet.
  6836 | D:7      | Noticed a hornet
  6839 | D:7      | Killed a hornet
  6840 | D:7      | Reached skill level 7 in Spellcasting
  7105 | D:8      | Reached *** piety under Vehumet
  7302 | D:8      | Found a burning altar of Makhleb.
  7667 | D:8      | Offered knowledge of Olgreb's Toxic Radiance by Vehumet.
  7686 | D:8      | Learned a level 4 spell: Olgreb's Toxic Radiance
  8063 | D:9      | Reached XP level 10. HP: 53/53 MP: 16/21
  8091 | D:9      | Identified the ring of Greater Demons {rCorr Int+4}
  8111 | D:9      | Reached skill level 5 in Earth Magic
  8220 | D:9      | Reached skill level 1 in Poison Magic
  8238 | D:9      | Reached skill level 8 in Spellcasting
  8439 | D:9      | Noticed Erica
  8450 | D:9      | Killed Erica
  8742 | D:9      | Noticed an elephant
  8745 | D:9      | Noticed Erolcha
  8886 | D:9      | Reached **** piety under Vehumet
  8933 | Abyss:1  | Cast into level 1 of the Abyss (Erolcha)
  8973 | Abyss:1  | Noticed an orange demon
  8975 | Abyss:1  | Noticed an eidolon
  8983 | Abyss:1  | Killed an eidolon
  8991 | Abyss:1  | Killed an orange demon
  8992 | Abyss:1  | Reached skill level 9 in Spellcasting
  8992 | Abyss:1  | Reached skill level 5 in Poison Magic
  9031 | Abyss:1  | Noticed a large abomination
  9038 | Abyss:1  | Killed a large abomination
  9039 | Abyss:1  | Reached XP level 11. HP: 6/57 MP: 13/24
  9055 | Abyss:1  | Noticed a bone dragon
  9061 | Abyss:1  | Slain by a bone dragon

Illustrated notes

Levels and vault maps discovered:
D:1:      amcnicky_arrival_single_pillar, layout_basic, serial_shops,
          shop_fountains, dreamdust_ecumenical_altar_hidden_monk_grotto
D:2:      layout_basic, serial_undead, serial_undead_e, serial_undead_f,
          serial_undead_d, serial_undead_d, serial_undead_d
D:3:      layout_loops_ring, uniq_grinder, uniq_robin
D:4:      minmay_inner_zag, layout_cave_pools, mainiacjoe_overflow_24_doors,
          lemuel_crystal_altar, kennysheep_mini_moat, minmay_misc_feat_ornament
D:5:      layout_loops_ring, nicolae_vehumet_altar_sigil,
          minmay_temple_entry_slanted, serial_shops, nicolae_shop_crystal,
          nicolae_shop_crystal, kennysheep_generic_room_11
D:6:      layout_loops_ring
D:7:      layout_loops_ring
D:8:      layout_loops_ring, mainiacjoe_overflow_concentric_impassable,
          nicolae_kite_square_tiling_tiny
D:9:      layout_layer_cave, david_lair_generic, minmay_three_doors, uniq_erica,
          uniq_erolcha
Temple:   sentei_temple_godly_chess
Abyss:1:  base: Temple, evilmike_abyss_exit_plants

Skill      XL: |  1  2  3  4  5  6  7  8  9 10 |
---------------+-------------------------------+-----
Dodging        | 2 3 |  3.2
Spellcasting   | 3 4 6 7 9 |  9.1
Conjurations   | 2 3 4 6 7 |  7.9
Fire Magic     | 4 5 6 7 |  7.3
Fighting       | 1 2 |  2.1
Maces & Flails | 1 2 3 |  3.2
Earth Magic    | 1 2 4 5 |  5.5
Poison Magic   | 5 |  5.2
Stealth        | |  2.1

Action                   |  1- 3 |  4- 6 |  7- 9 | 10-12 || total
-------------------------+-------+-------+-------+-------++-------
Melee: Mace              |    10 |       |       |       ||    10
       Whip              |    16 |    17 |    48 |    26 ||   107
       Flail             |       |     2 |       |       ||     2
       Punch             |       |     1 |     1 |     2 ||     4
 Cast: Foxfire           |    43 |    61 |    85 |    17 ||   206
       Scorch            |     5 |     4 |    17 |       ||    26
       Flame Wave        |       |       |     4 |     3 ||     7
       Stone Arrow       |       |       |    89 |    22 ||   111
       Olgreb's Toxic Ra |       |       |       |    16 ||    16
  Use: Potion            |     1 |       |       |     3 ||     4
       Scroll            |       |    10 |    12 |       ||    22
Armor: Robe              |    12 |     7 |    26 |    16 ||    61
Dodge: Dodged            |    20 |    21 |    53 |    35 ||   129
